 Dungeon Crawl Stone Soup version 0.27-a0-421-g7ddf969dea (webtiles) character file.

Game seed: 16750888073989373855

123 wakim the Ducker (level 5, -4/33 HPs)
             Began as an Octopode Transmuter on Feb 26, 2021.
             Slain by a centaur (6 damage)
             ... on level 3 of the Dungeon.
             The game lasted 00:09:59 (2891 turns).

wakim the Ducker (Octopode Transmuter)              Turns: 2891, Time: 00:09:59

Health: -4/33      AC:  1    Str: 10    XL:     5   Next: 7%
Magic:  8/9        EV: 14    Int: 16    God:
Gold:   144        SH:  0    Dex: 12    Spells: 8/9 levels left

rFire    . . .     SeeInvis .   a - +1 dagger (venom)
rCold    . . .     Faith    .   (no shield)
rNeg     . . .     Spirit   .   (helmet currently unavailable)
rPois    .         Reflect  .   (no amulet)
rElec    .         Harm     .   h - ring of flight
rCorr    .         Rampage  .   (no ring)
Will     .....                  (no ring)
Stlth    +++.......             (no ring)
HPRegen  0.11/turn              (no ring)
MPRegen  0.11/turn              (no ring)
                                (no ring)
                                (no ring)

@: appendages (expiring)
A: almost no armour, stealthy swim, amphibious, 8 rings, constrict 8, tentacle
spike 3, camouflage 1, gelatinous body 1
a: End Transformation, Evoke Flight


You were on level 3 of the Dungeon.
One of your tentacles had a temporary spike.
You visited 1 branch of the dungeon, and saw 3 of its levels.

You collected 144 gold pieces.

Inventory:

Hand Weapons
 a - a +1 dagger of venom (weapon)
 b - a +0 hunting sling
Missiles
 e - 127 stones
 i - 48 sling bullets
 m - 12 poisoned darts
 n - 32 arrows
Jewellery
 h - a ring of flight (left tentacle)
Scrolls
 c - a scroll of identify
 f - 2 scrolls of teleportation {unknown}
 j - a scroll of magic mapping {unknown}
 l - a scroll of fear {unknown}
 p - a scroll of fog {unknown}
Potions
 d - a potion of flight
 g - 2 potions of curing
 k - a potion of attraction
 o - a potion of magic


   Skills:
 - Level 1.0 Fighting
 * Level 3.4 Dodging
 + Level 2.8 Stealth
 - Level 3.0 Unarmed Combat
 + Level 2.7 Spellcasting
 + Level 2.8 Transmutations


You had 8 spell levels left.
You knew the following spells:

 Your Spells              Type           Power        Failure   Level
a - Beastly Appendage     Tmut           22%          6%          1

Your spell library contained the following spells:

 Spells                   Type           Power        Failure   Level
 Wereblood                Tmut           11%          9%          2
 Spider Form              Tmut/Pois      3%           32%         3
 Ice Form                 Ice/Tmut       6%           71%         4
 Blade Hands              Tmut           5%           86%         5


Dungeon Overview and Level Annotations

Branches:
Dungeon (3/15)

Altars:
Fedhas
Hepliaklqana

Annotations:
D:3 exclusion: centaur


Innate Abilities, Weirdness & Mutations

You cannot wear most types of armour.
You are very stealthy in the water. (Stealth+)
You are amphibious.
You can wear up to eight rings at the same time.
You can use your tentacles to constrict eight enemies at once.
Your skin changes colour to match your surroundings (Stealth+).
Your rubbery body absorbs attacks. (AC +1, EV +1)
One of your tentacles bears a large vicious spike.


Message History

Press: ? - help, Q - select action, (/) - cycle Shift-Dir - straight line, f - centaur
Aim: a centaur, quivering arrows (asleep, 98% to hit)
You shoot a sling bullet. The sling bullet hits the centaur.
The centaur shouts!
The centaur is moderately wounded.
The centaur wields a +0 shortbow.
The centaur shoots an arrow.
The arrow barely misses you.
Casting: Beastly Appendage (safe; 6% risk of failure)
Confirm with . or Enter, or press ? or * to list all spells.
You extend your transformation's duration.
The centaur shoots an arrow.
The arrow misses you.
The centaur unwields a +0 shortbow.
The centaur hits you. x2
Really attack while wielding your +0 hunting sling? [Y]es or [N]o only, please.
Really attack while wielding your +0 hunting sling? [Y]es or [N]o only, please.
Really attack while wielding your +0 hunting sling?
Okay, then.
Your +1 dagger of venom begins to drip with poison!
a - a +1 dagger of venom (weapon)
You barely miss the centaur.
The centaur is moderately wounded.
The centaur hits you. x2
You hit the centaur but do no damage.
The centaur is poisoned.
The centaur is moderately wounded.
The centaur hits you!
* * * LOW HITPOINT WARNING * * *
You hit the centaur but do no damage.
The centaur looks as sick as possible!
Your squeeze misses the centaur.
The centaur is moderately wounded.
The centaur closely misses you. x2
You hit the centaur but do no damage.
The centaur looks as sick as possible!
The centaur is moderately wounded.
The centaur hits you!
* * * LOW HITPOINT WARNING * * *
You hit the centaur.
You pierce the centaur.
The centaur is severely wounded.
Your transformation is almost over.
The centaur hits you.
You die...

>......# O.⌠.(.# ...c. ########
... #....... ## #.# #.###### #.#
#.# #.# #####.####†## ###.######
#......##...####.........
#.###...@c.......#.#####.
#########.###...#...######.## #.
............#...............# #.
#####.......#.#.#...######..# #.
#####.........#.##.## #..####.
##..........##..##.# #.......
##.##.......##.###.#######...####
##.##....[..##.###...<........###
##.##..............#####.......##


You could see a centaur (extremely poisoned).

Vanquished Creatures
  3 gnolls (D:3)
  2 adders (D:2)
  An ooze (D:1)
  A worm (D:3)
  2 dart slugs
  An orc (D:3)
  5 bats
  3 giant cockroaches
  6 goblins
  10 hobgoblins
  6 jackals
  10 kobolds
  A quokka (D:3)
  A ball python (D:3)
  4 frilled lizards
  7 rats
63 creatures vanquished.

Vanquished Creatures (others)
  3 fungi (D:2)
  A plant (D:2)
4 creatures vanquished.

Grand Total: 67 creatures vanquished

Notes
Turn   | Place    | Note
-------+----------+-------------------------------------------
     0 | D:1      | wakim the Octopode Transmuter began the quest for the Orb.
     0 | D:1      | Reached XP level 1. HP: 13/13 MP: 3/3
    90 | D:1      | Reached XP level 2. HP: 11/18 MP: 3/5
   252 | D:1      | Reached skill level 1 in Stealth
   579 | D:1      | Reached XP level 3. HP: 23/23 MP: 6/6
   602 | D:1      | You fall into a shaft and drop 1 floor!
  1101 | D:2      | Found a blossoming altar of Fedhas.
  1275 | D:2      | Reached XP level 4. HP: 28/28 MP: 7/7
  1970 | D:3      | Noticed a centaur
  2293 | D:3      | Found a hazy altar of Hepliaklqana.
  2351 | D:3      | Reached XP level 5. HP: 33/33 MP: 6/9
  2864 | D:3      | Noticed an ogre
  2891 | D:3      | Slain by a centaur

Illustrated notes

Levels and vault maps discovered:
D:1:      sevenhm_arrival_forest_fort_large_4, layout_basic, st_stairs_7
D:2:      layout_basic, minivault_5, solitary_fountain, fedhas_altar_3
D:3:      minmay_goblin_kobold_castle, layout_loops_ring,
          general_overflow_altar, grunt_ministairs_9

Skill      XL: |  1  2  3 |
---------------+----------+-----
Stealth        | 1 2 |  2.8
Dodging        | 3 |  3.4
Fighting       | |  1.0
Unarmed Combat | |  3.0
Spellcasting   | |  2.7
Transmutations | |  2.8

Action                   |  1- 3 |  4- 6 || total
-------------------------+-------+-------++-------
Melee: Unarmed           |    23 |       ||    23
       Constrict         |    21 |    13 ||    34
       Tentacles         |     8 |     8 ||    16
       Kick              |     7 |     5 ||    12
       Dagger            |    26 |    40 ||    66
       Punch             |     1 |     1 ||     2
 Fire: Hunting sling     |    33 |    30 ||    63
 Cast: Beastly Appendage |     7 |     7 ||    14
  Use: Scroll            |       |     4 ||     4
 Stab: Sleeping          |     2 |     2 ||     4
Armor: Skin              |     6 |     2 ||     8
Dodge: Dodged            |    23 |    27 ||    50

Table legend: (Time is in decaauts)
 A = Elapsed time spent in this place.
 B = Non-inter-level travel time spent in this place.
 C = Inter-level travel time spent in this place.
 D = Time resting spent in this place.
 E = Time spent auto-exploring this place.
 F = Levels seen in this place.
 G = Mean time per level.
                   A        B        C        D        E       F      G
               +--------+--------+--------+--------+--------+-----+--------+
         Total |   2888 |   2757 |    131 |    389 |   1775 |   3 |  962.7 |
       Dungeon |   2888 |   2757 |    131 |    389 |   1775 |   3 |  962.7 |
               +--------+--------+--------+--------+--------+-----+--------+

Top non-repeatable levels by time:
     D:2: 1084 daAuts
     D:3: 965 daAuts
     D:1: 838 daAuts
